 Dungeon Crawl Stone Soup version 0.31-a0-986-g5e6e4ef867 (webtiles) character file.

Game seed: 8431141761909214870

37 FakeRyeBread the Trooper (level 3, -3/24 HPs)
             Began as a Gargoyle Fighter on Nov 5, 2023.
             Slain by Terence
             ... wielding a +0 mace
              (6 damage)
             ... on level 2 of the Dungeon.
             The game lasted 00:02:34 (1324 turns).

FakeRyeBread the Trooper (Gargoyle Fighter)         Turns: 1324, Time: 00:02:34

Health: -3/24      AC: 10    Str: 21    XL:     3   Next: 39%
Magic:  3/3        EV:  9    Int:  8    God:
Gold:   163        SH:  4    Dex:  9    Spells: 2/2 levels left

rFire   . . .        a - +0 flail
rCold   . . .        c - +0 buckler
rNeg    + . .        b - +0 scale mail
rPois   ∞            (no helmet)
rElec   +            (no cloak)
rCorr   .            (no gloves)
SInv    .            (no boots)
Will    .....        (no amulet) Stlth
                     (no ring)
HPRegen 0.24/turn    (no ring)
MPRegen 0.08/turn

%: no passive effects
@: mighty
A: sickness immunity, AC +3, negative energy resistance 1, electricity
resistance, torment resistance 1, petrification resistance
a: no special abilities


You were on level 2 of the Dungeon.
You visited 1 branch of the dungeon, and saw 2 of its levels.

You collected 163 gold pieces.

Inventory:

Hand Weapons
 a - a +0 flail (weapon)
Armour
 b - a +0 scale mail (worn)
 c - a +0 buckler (worn)
Jewellery
 k - an amulet of reflection
Scrolls
 e - 2 scrolls of identify {unknown}
 g - a scroll of acquirement {unknown}
 i - a scroll of immolation {unknown}
 j - a scroll of fear {unknown}
 l - a scroll of revelation {unknown}
Potions
 f - a potion of enlightenment {unknown}
 h - a potion of attraction {unknown}


   Skills:
 + Level 3.6 Fighting
 * Level 2.7 Maces & Flails
 + Level 3.6 Armour
 + Level 3.6 Shields


You had 2 spell levels left.
You didn't know any spells.
Your spell library was empty.

Dungeon Overview and Level Annotations

Branches:
Dungeon (2/15)

Altars:

Annotations:
D:2 Terence


Innate Abilities, Weirdness & Mutations

You are immune to sickness and miasma.
Your stone body is resilient. (AC +3)
You are immune to poison.
You resist negative energy. (rN+)
You are resistant to electric shocks. (rElec)
You are resistant to unholy torment.
You are immune to petrification.


Message History

Found 3 stones.
You see here 3 stones.
Terence the Incautious comes into view.
He is wielding a +0 mace.
Terence shouts!
You block Terence's attack.
You barely miss Terence.
Terence asks, "Do you want it fast or slow?"
Terence hits you but does no damage.
You barely miss Terence. You block Terence's attack.
You closely miss Terence. Terence hits you with a +0 mace.
Terence shouts, "Now you die!" Terence hits you with a +0 mace.
You hit Terence.
Terence is moderately wounded.
You block Terence's attack.
You hit Terence.
Terence is heavily wounded.
You block Terence's attack.
You barely miss Terence.
Terence is heavily wounded.
Terence hits you with a +0 mace. x2
You barely miss Terence.
Terence is heavily wounded.
Terence hits you with a +0 mace.
* * * LOW HITPOINT WARNING * * *
You hit Terence but do no damage.
Terence is heavily wounded.
You block Terence's attack.
You hit Terence.
Terence is heavily wounded.
Terence hits you with a +0 mace.
* * * LOW HITPOINT WARNING * * *
Terence hits you with a +0 mace.
* * * LOW HITPOINT WARNING * * *
You completely miss Terence.
Terence is heavily wounded.
Terence barely misses you.
You feel very mighty all of a sudden. Terence hits you with a +0 mace.
You die...

############
#######...........
######....##...........
#....@@........(.......
#..............#######.
#..............##>.###.
#.........#######...##.
####....####...........
#.........####.#...#
#....###..#....###..
####.# #..#....# ##.
###.###..#....# .


You could see Terence.

Vanquished Creatures
  2 dart slugs
  3 endoplasms
  A goblin (D:1)
  5 hobgoblins (D:1)
  4 jackals (D:2)
  2 kobolds (D:1)
  3 quokkas (D:1)
  3 ball pythons
  A bat (D:1)
  2 frilled lizards
  A rat (D:1)
27 creatures vanquished.

Notes
Turn   | Place    | Note
-------+----------+-------------------------------------------
     0 | D:1      | FakeRyeBread the Gargoyle Fighter began the quest for the
                  | Orb.
     0 | D:1      | Reached XP level 1. HP: 14/14 MP: 1/1
   368 | D:1      | Reached XP level 2. HP: 13/19 MP: 2/2
   685 | D:1      | Reached XP level 3. HP: 23/23 MP: 3/3
  1310 | D:2      | Noticed Terence
  1324 | D:2      | Slain by Terence

Illustrated notes

Levels and vault maps discovered:
D:1:      ldierk_walled_garden_2, layout_basic, serial_rivers,
          chequers_serial_rivers_marsh, chequers_serial_rivers_small_3,
          chequers_serial_rivers_micro_a, chequers_serial_rivers_micro_a,
          chequers_serial_rivers_large_a, chequers_serial_rivers_micro_d
D:2:      layout_basic, uniq_terence

Action                     || total
---------------------------++-------
  Melee: Flail             ||   110
    Use: Potion            ||     1
 Armour: Scale mail        ||    75
  Dodge: Dodged            ||    43
  Block: Buckler           ||    21

Table legend: (Time is in decaauts)
 A = Elapsed time spent in this place.
 B = Non-inter-level travel time spent in this place.
 C = Inter-level travel time spent in this place.
 D = Time resting spent in this place.
 E = Time spent auto-exploring this place.
 F = Levels seen in this place.
 G = Mean time per level.
                   A        B        C        D        E       F      G
               +--------+--------+--------+--------+--------+-----+--------+
         Total |   1379 |   1266 |    113 |     54 |    927 |   2 |  689.5 |
       Dungeon |   1379 |   1266 |    113 |     54 |    927 |   2 |  689.5 |
               +--------+--------+--------+--------+--------+-----+--------+

Top non-repeatable levels by time:
     D:1: 859 daAuts
     D:2: 520 daAuts
